 Dungeon Crawl Stone Soup version 0.30-a0-924-g0ad0bf95bc (webtiles) character file.

Game seed: 11962271487121641615

74 cforsyth the Shield-Bearer (level 4, -1/35 HPs)
             Began as a Human Fighter on Mar 23, 2023.
             Slain by a kobold brigand
             ... wielding a +0 whip
              (4 damage)
             ... on level 3 of the Dungeon.
             The game lasted 00:02:22 (1663 turns).

cforsyth the Shield-Bearer (Human Fighter)          Turns: 1663, Time: 00:02:23

Health: -1/35      AC:  6    Str: 19    XL:     4   Next: 52%
Magic:  4/4        EV: 14    Int:  8    God:
Gold:   128        SH:  4    Dex: 12    Spells: 3/3 levels left

rFire   . . .      SeeInvis .    a - +0 flail
rCold   . . .      Faith    .    c - +0 buckler
rNeg    . . .      Spirit   .    b - +0 scale mail
rPois   .          Reflect  .    (no helmet)
rElec   .          Rampage  .    (no cloak)
rCorr   .                        (no gloves)
Will    +....                    (no boots) Stlth
                                 (no amulet)
HPRegen 0.25/turn                h - ring of willpower
MPRegen 0.09/turn                j - +5 ring of evasion

@: no status effects
A: no striking features
a: no special abilities


You were on level 3 of the Dungeon.
You visited 1 branch of the dungeon, and saw 3 of its levels.

You collected 128 gold pieces.

Inventory:

Hand Weapons
 a - a +0 flail (weapon)
Armour
 b - a +0 scale mail (worn)
 c - a +0 buckler (worn)
Jewellery
 h - a ring of willpower (left hand)
 j - a +5 ring of evasion (right hand)
 r - an amulet of faith
Scrolls
 e - 2 scrolls of identify {unknown}
 f - 2 scrolls of magic mapping {unknown}
 i - 3 scrolls of torment {unknown}
 k - 2 scrolls of teleportation {unknown}
 n - a scroll of noise {unknown}
 q - 2 scrolls of enchant weapon {unknown}
 s - 3 scrolls of fear {unknown}
 t - a scroll of blinking {unknown}
 u - a scroll of amnesia {unknown}
Potions
 d - 2 potions of might
 g - 3 potions of curing {unknown}
 l - a potion of heal wounds {unknown}
 m - a potion of attraction {unknown}
 o - 2 potions of magic {unknown}
 p - a potion of haste {unknown}
 v - a potion of berserk rage {unknown}
 w - a potion of brilliance {unknown}


   Skills:
 + Level 3.5 Fighting
 + Level 2.8 Maces & Flails
 + Level 3.5 Armour
 + Level 3.5 Shields


You had 3 spell levels left.
You didn't know any spells.
Your spell library was empty.

Dungeon Overview and Level Annotations

Branches:
Dungeon (3/15)

Altars:
Xom

Shops:
D:1 (


Message History

The endoplasm freezes you.
You are frozen.
You hit the endoplasm.
The endoplasm is almost dead.
The endoplasm freezes you.
You are frozen.
You hit the endoplasm.
You kill the endoplasm!
You thump the frilled lizard!
You kill the frilled lizard!
You hit the endoplasm but do no damage. The endoplasm closely misses you.
You block the endoplasm's attack.
You hit the endoplasm but do no damage. The endoplasm closely misses you.
You sock the endoplasm!
You kill the endoplasm!
The jackal bites you but does no damage.
You barely miss the jackal. The jackal barely misses you.
The jackal bites you but does no damage.
You sock the jackal!
You kill the jackal!
The jackal barely misses you.
You barely miss the jackal. You block the jackal's attack.
You barely miss the jackal. The jackal completely misses you.
The jackal bites you.
You sock the jackal!
You kill the jackal!
You barely miss the kobold brigand.
The kobold brigand is moderately wounded.
The kobold brigand hits you with a +0 whip.
* * * LOW HITPOINT WARNING * * *
You barely miss the kobold brigand.
The kobold brigand is moderately wounded.
The kobold brigand hits you with a +0 whip.
* * * LOW HITPOINT WARNING * * *
You barely miss the kobold brigand.
The kobold brigand is moderately wounded.
The kobold brigand hits you with a +0 whip.
* * * LOW HITPOINT WARNING * * *
The kobold brigand hits you with a +0 whip.
You die...

#~.○°§☼~#
#≈≈..†~≈#
###.~K≈~†#
....hh.<.#
....#.##.#
... #. #.#
# # #.#
#K# #@#
#.# ..#
####


You could see a kobold brigand.

Vanquished Creatures
  An adder (D:2)
  2 worms (D:2)
  4 dart slugs
  3 bats
  6 endoplasms
  2 giant cockroaches
  3 goblins
  6 hobgoblins
  5 jackals (D:3)
  A quokka (D:1)
  2 ball pythons (D:1)
  3 frilled lizards
  10 kobolds
  2 rats (D:2)
50 creatures vanquished.

Vanquished Creatures (others)
  An endoplasm (D:3)
  A ball python (D:3)
  2 rats (D:3)
4 creatures vanquished.

Grand Total: 54 creatures vanquished

Notes
Turn   | Place    | Note
-------+----------+-------------------------------------------
     0 | D:1      | cforsyth the Human Fighter began the quest for the Orb.
     0 | D:1      | Reached XP level 1. HP: 18/18 MP: 1/1
    36 | D:1      | Found Yrchadgher's Antique Weapon Shoppe.
    80 | D:1      | Reached XP level 2. HP: 21/24 MP: 2/2
   222 | D:1      | Reached XP level 3. HP: 28/29 MP: 3/3
   862 | D:2      | Reached XP level 4. HP: 35/35 MP: 4/4
  1622 | D:3      | Noticed a kobold brigand
  1622 | D:3      | Found a shimmering altar of Xom.
  1663 | D:3      | Slain by a kobold brigand

Illustrated notes

Levels and vault maps discovered:
D:1:      giann_bridges, layout_basic, serial_shops, nicolae_shop_trees
D:2:      layout_loops_corners, minmay_pentomino_q4
D:3:      layout_loops_ring, mainiacjoe_overflow_alcove_2, xom_confusion_cloud,
          shapermc_ecumenical_altar_mp_vishouse, uniq_natasha

Action                     |  1- 3 |  4- 6 || total
---------------------------+-------+-------++-------
  Melee: Flail             |   105 |    72 ||   177
 Armour: Scale mail        |    23 |    36 ||    59
  Dodge: Dodged            |    60 |    67 ||   127
  Block: Buckler           |    22 |    16 ||    38

Table legend: (Time is in decaauts)
 A = Elapsed time spent in this place.
 B = Non-inter-level travel time spent in this place.
 C = Inter-level travel time spent in this place.
 D = Time resting spent in this place.
 E = Time spent auto-exploring this place.
 F = Levels seen in this place.
 G = Mean time per level.
                   A        B        C        D        E       F      G
               +--------+--------+--------+--------+--------+-----+--------+
         Total |   1718 |   1662 |     56 |      0 |   1291 |   3 |  572.7 |
       Dungeon |   1718 |   1662 |     56 |      0 |   1291 |   3 |  572.7 |
               +--------+--------+--------+--------+--------+-----+--------+

Top non-repeatable levels by time:
     D:2: 1125 daAuts
     D:1: 542 daAuts
     D:3: 50 daAuts
